 Dungeon Crawl Stone Soup version 0.19-a0-1827-g174f941 (webtiles) character file.

255 jerryfan the Chiller (level 5, -7/40 HPs)
             Began as a Draconian Ice Elementalist on Oct 7, 2016.
             Killed by divine providence
             ... invoked by an orc priest
              (12 damage)
             ... on level 4 of the Dungeon.
             The game lasted 00:24:11 (3175 turns).

jerryfan the Chiller (Draconian Ice Elementalist)   Turns: 3175, Time: 00:24:11

Health: -7/40      AC:  8    Str: 10    XL:     5   Next: 91%
Magic:  5/9        EV: 13    Int: 21    God:
Gold:   237        SH:  0    Dex: 16    Spells: 2 memorised, 7 levels left

rFire  . . .     SeeInvis .     h - +6 whip
rCold  . . .     Gourm    .     (armour unavailable)
rNeg   . . .     Faith    .     (no shield)
rPois  .         Spirit   .     c - +1 hat
rElec  .         Dismiss  +     x - +1 cloak
rCorr  .         Reflect  .     (no gloves)
MR     .....     Harm     .     (no boots)
Stlth  ++........               u - amulet of dismissal
                                E - +4 ring of intelligence
                                d - +5 ring of dexterity

@: very slightly contaminated
A: unfitting armour, cold-blooded, AC +5
a: no special abilities


You were on level 4 of the Dungeon.
You were hungry.

You visited 1 branch of the dungeon, and saw 4 of its levels.

You collected 237 gold pieces.

Inventory:

Hand Weapons
 h - a +6 whip (weapon)
Missiles
 C - 6 javelins of penetration (quivered)
Armour
 c - a +1 hat (worn)
 x - a +1 cloak (worn)
Jewellery
 d - a +5 ring of dexterity (left hand)
 o - an uncursed ring of fire
 u - an amulet of dismissal (around neck)
 E - a +4 ring of intelligence (right hand)
Wands
 D - a wand of slowing (20/48)
Scrolls
 e - 2 scrolls of identify
 q - a scroll of magic mapping
 y - a scroll of enchant armour {unknown}
 A - a scroll of fog
 B - a scroll of immolation
Potions
 g - a potion of haste
 i - a potion of flight
 j - 3 potions of lignification
 k - 2 potions of agility
 l - a potion of cancellation {unknown}
 n - a potion of magic {unknown}
 r - a potion of resistance {unknown}
 s - a potion of heal wounds {unknown}
 t - a potion of brilliance
Books
 a - a book of Frost

   Spells                             Type                      Level
   a - Freeze                         Ice                          1
   b - Throw Frost                    Conjuration/Ice              2
   c - Ozocubu's Armour               Charms/Ice                   3
   d - Throw Icicle                   Conjuration/Ice              4
   e - Summon Ice Beast               Ice/Summoning                4
Comestibles
 b - 4 bread rations
 f - a beef jerky
 m - 9 fruits
 p - 3 meat rations
 z - a royal jelly


   Skills:
 + Level 1.5 Fighting
 + Level 1.2 Maces & Flails
 * Level 2.9 Dodging
 * Level 2.9 Stealth
 * Level 3.0 Spellcasting
 - Level 1.0 Conjurations
 * Level 4.4 Ice Magic


You had 7 spell levels left.
You knew the following spells:

 Your Spells              Type           Power        Failure   Level  Hunger
a - Freeze                Ice            ###.         1%          1    None
b - Throw Frost           Conj/Ice       ##....       10%         2    ##.....


Dungeon Overview and Level Annotations

Branches:
Dungeon (4/15)
 Temple: D:4-7

Altars:
Yredelemnul


Innate Abilities, Weirdness & Mutations

Your plain brown scales are hard. (AC +5)
You cannot fit into any form of body armour.
You are cold-blooded and may be slowed by cold attacks.


Message History

Confirm with . or Enter, or press ? or * to list all spells.
Aiming: Throw Frost
Press: ? - help, Shift-Dir - straight line, f/p - orc priest
Aim: an orc priest, wielding a dagger The puff of frost hits the orc priest.
The orc priest is moderately wounded.
You are feeling hungry.
As you read the scroll labeled GAYRAZX YSOP, it crumbles to dust.
You hear a loud clanging noise!
It was a scroll of noise.
The orc priest mumbles some strange prayers to Beogh against you.
Beogh smites you!
* * * LOW HITPOINT WARNING * * *
Blink to where?
Press: ? - help, Dir - move target cursor, p - orc priest
As you read the scroll of blinking, it crumbles to dust.
Found a leather armour.
The orc priest calls down the wrath of Beogh upon you.
Beogh smites you!
You die...

### .[# #.# #.# #### #.#
#.. #.# #.# #.#
####>#####
#######@####........#
#.........##.##.###.#
#.#####.#.##.##.# #.# #
####.#.##.##.###.#
#.##.#....##.##.....#
##.#.......##........####
........o...........<..+
#...###.##........####
#.##))###.##........#


You could see an orc priest.

Vanquished Creatures
  A hound (D:4)
  2 orc wizards
  A worker ant (D:4)
  2 adders (D:3)
  3 oozes
  4 worms
  2 dart slugs
  2 leopard geckos
  10 orcs
  3 bats
  7 giant cockroaches
  2 gnoll zombies (D:2)
  11 goblins
  8 hobgoblins
  6 jackals (D:1)
  3 quokkas (D:2)
  4 frilled lizards
  7 kobolds
  8 rats
86 creatures vanquished.

Notes
Turn   | Place    | Note
-------+----------+-------------------------------------------
     0 | D:1      | jerryfan the Draconian Ice Elementalist began the quest for the Orb.
     0 | D:1      | Reached XP level 1. HP: 14/14 MP: 3/3
    50 | D:1      | Reached XP level 2. HP: 8/20 MP: 0/5
   352 | D:1      | Learned a level 2 spell: Throw Frost
   636 | D:1      | Reached XP level 3. HP: 26/26 MP: 6/6
  1256 | D:2      | Found a basalt altar of Yredelemnul.
  1383 | D:2      | Reached XP level 4. HP: 33/33 MP: 7/7
  2151 | D:3      | Reached skill level 1 in Fighting
  2151 | D:3      | Reached skill level 4 in Ice Magic
  2278 | D:3      | Reached XP level 5. HP: 34/40 MP: 7/9
  3011 | D:4      | Reached skill level 1 in Maces & Flails
  3175 | D:4      | Killed from afar by an orc priest

Vault maps used:
D:1:      lightli_arrival_chessboard, minmay_door_square, minmay_octomino_e4
D:2:      lemuel_zombie_altar_yredelemnul, minmay_misc_feat_more_columns
D:3:      first_bread, minmay_randomly_rotated_circles
D:4:      led_sif_book

Skill      XL: |  1  2  3  4  5 |
---------------+----------------+-----
Stealth        | 2 |  2.9
Dodging        | 2 |  2.9
Fighting       | 1 |  1.5
Ice Magic      | 4 |  4.4
Maces & Flails | 1 |  1.2
Spellcasting   | 3 |  3.0
Conjurations   | |  1.0

Action                   |  1- 3 |  4- 6 || total
-------------------------+-------+-------++-------
Melee: Unarmed           |    10 |       ||    10
       Tailslap          |     3 |     9 ||    12
       Whip              |    64 |    86 ||   150
Throw: Javelin           |       |     1 ||     1
 Cast: Freeze            |    11 |     5 ||    16
       Throw Frost       |    24 |    20 ||    44
  Use: Scroll            |     3 |    10 ||    13
       Potion            |     4 |     2 ||     6
 Stab: Sleeping          |     2 |       ||     2
  Eat: Chunk             |     4 |     6 ||    10
Armor: Skin              |    19 |    30 ||    49
Dodge: Dodged            |    53 |    36 ||    89
